 Dungeon Crawl Stone Soup version 0.26.1-2-gb8aa6d0cf2 (webtiles) character file.

Game seed: 13282994237410180793

56 promet the Magician (level 3, -4/19 HPs)
             Began as a Deep Elf Air Elementalist on Mar 20, 2021.
             Killed from afar by Sigmund (8 damage)
             ... with a puff of flame
             ... on level 2 of the Dungeon.
             The game lasted 00:09:40 (1503 turns).

promet the Magician (Deep Elf Air Elementalist)     Turns: 1503, Time: 00:09:42

Health: -4/19      AC:  8    Str:  6    XL:     3   Next: 71%
Magic:  6/10       EV: 12    Int: 19    God:
Gold:   71         SH:  0    Dex: 15    Spells: 6/9 levels left

rFire    . . .     SeeInvis .   h - +0 short sword
rCold    . . .     Faith    .   (no shield)
rNeg     . . .     Spirit   .   b - +0 leather armour
rPois    .         Reflect  .   g - +0 helmet
rElec    .         Harm     .   (no cloak)
rCorr    .         Rampage  .   (no gloves)
Will     .....                  (no boots)
Stlth    +++.......             (no amulet)
HPRegen  0.06/turn              f - ring of stealth
MPRegen  0.12/turn              k - +4 ring of protection

@: no status effects
A: no striking features
a: no special abilities


You were on level 2 of the Dungeon.
You visited 1 branch of the dungeon, and saw 2 of its levels.

You collected 71 gold pieces.

Inventory:

Hand Weapons
 d - a +0 hand axe
 e - a +0 dagger
 h - a +0 short sword (weapon)
Missiles
 c - 37 bolts
 i - 62 stones
 l - 11 poisoned darts (quivered)
Armour
 a - a +0 robe
 b - a +0 leather armour (worn)
 g - a +0 helmet (worn)
Jewellery
 f - a ring of stealth (left hand)
 k - a +4 ring of protection (right hand)
Scrolls
 j - a scroll of identify


   Skills:
 + Level 3.0 Dodging
 + Level 2.9 Stealth
 + Level 3.9 Spellcasting
 + Level 1.5 Conjurations
 + Level 3.5 Air Magic


You had 6 spell levels left.
You knew the following spells:

 Your Spells              Type           Power        Failure   Level
a - Shock                 Conj/Air       52%          8%          1
b - Swiftness             Air            17%          8%          2

Your spell library contained the following spells:

 Spells                   Type           Power        Failure   Level
 Static Discharge         Conj/Air       13%          22%         3
 Airstrike                Air            8%           45%         4
 Lightning Bolt           Conj/Air       6%           91%         5


Dungeon Overview and Level Annotations

Branches:
Dungeon (2/15)

Altars:

Annotations:
D:2 Sigmund


Message History

Confirm with . or Enter, or press ? or * to list all spells.
You can't see any susceptible monsters within range! (Use Z to cast anyway.)
Casting: Shock (safe; 8% risk of failure)
Confirm with . or Enter, or press ? or * to list all spells.
Aiming: Shock (safe; 8% risk of failure)
Press: ? - help, Shift-Dir - straight line
Casting: Shock (safe; 8% risk of failure)
Confirm with . or Enter, or press ? or * to list all spells.
Aiming: Shock (safe; 8% risk of failure)
Press: ? - help, Shift-Dir - straight line Something hits you but does no damage.
Casting: Shock (safe; 8% risk of failure)
Confirm with . or Enter, or press ? or * to list all spells.
Aiming: Shock (safe; 8% risk of failure)
Press: ? - help, Shift-Dir - straight line The zap hits something.
You hear some strange, mumbled words.
A puff of flame appears from out of thin air!
The puff of flame hits you!
You die...

.........# #...#.#
.......K.###...#.#
#.##.[...#.#
#.##...###.##
#....K.......
##########.#.
####### #...
#.....# ###.
#.@...# #####.
#.....# #.....
##{...# #.....
#....# ##.....
#....# #.†....
#....# #...[..
#....# #......
#....##### #......
#........# #......


There were no monsters in sight!

Vanquished Creatures
  A gnoll (D:1)
  An adder (D:2)
  3 dart slugs
  2 bats (D:1)
  4 giant cockroaches
  5 goblins
  2 hobgoblins (D:1)
  5 kobolds
  3 frilled lizards
  8 rats
34 creatures vanquished.

Vanquished Creatures (others)
  2 plants (D:1)
2 creatures vanquished.

Grand Total: 36 creatures vanquished

Notes
Turn   | Place    | Note
-------+----------+-------------------------------------------
     0 | D:1      | promet the Deep Elf Air Elementalist began the quest for
                  | the Orb.
     0 | D:1      | Reached XP level 1. HP: 10/10 MP: 6/6
   152 | D:1      | Reached XP level 2. HP: 12/15 MP: 4/8
   605 | D:1      | Learned a level 2 spell: Swiftness
   745 | D:1      | Reached XP level 3. HP: 12/19 MP: 6/10
  1299 | D:2      | Noticed Sigmund
  1503 | D:2      | Killed from afar by Sigmund

Illustrated notes

Levels and vault maps discovered:
D:1:      lightli_molten_gateway, layout_loops_ring, serial_bayou_ford_a
D:2:      layout_basic, uniq_sigmund

Skill      XL: |  1  2  3 |
---------------+----------+-----
Dodging        | 3 |  3.0
Stealth        | |  2.9
Spellcasting   | |  3.9
Conjurations   | |  1.5
Air Magic      | |  3.5

Action                   || total
-------------------------++-------
Melee: Hand axe          ||     6
       Short sword       ||    21
Throw: Dart              ||     4
 Cast: Shock             ||    52
       Swiftness         ||     1
  Use: Scroll            ||     6
       Potion            ||     2
 Stab: Sleeping          ||     7
Armor: Leather armour    ||    21
Dodge: Dodged            ||    42
